 Dungeon Crawl Stone Soup version 0.29.0-11-gd7f09526c8 (webtiles) character file.

Game seed: 4361482205093384606

103 Bartlander the Digger (level 4, -3/24 HPs)
             Began as a Gargoyle Earth Elementalist on Sept 2, 2022.
             Slain by Terence
             ... wielding a +2 falchion of electrocution
              (8 damage)
             ... on level 3 of the Dungeon.
             The game lasted 00:13:08 (2303 turns).

Bartlander the Digger (Gargoyle Earth Elementalist) Turns: 2303, Time: 00:13:09

Health: -3/24      AC:  6    Str: 12    XL:     4   Next: 79%
Magic:  8/8        EV: 12    Int: 17    God:
Gold:   158        SH:  0    Dex: 10    Spells: 2/8 levels left

rFire   . . .      SeeInvis .   m - +2 dagger (speed)
rCold   . . .      Faith    .   (no shield)
rNeg    + . .      Spirit   .   a - +0 robe
rPois   ∞          Reflect  .   (no helmet)
rElec   +          Harm     .   (no cloak)
rCorr   .          Rampage  .   (no gloves)
Will    .....                   l - +0 pair of boots
Stlth   ++........              g - amulet of regeneration
HPRegen 0.88/turn               (no ring)
MPRegen 0.11/turn               (no ring)

@: no status effects
A: sickness immunity, AC +3, negative energy resistance 1, electricity
resistance, torment resistance 1, petrification resistance
a: no special abilities


You were on level 3 of the Dungeon.
You visited 1 branch of the dungeon, and saw 3 of its levels.

You collected 158 gold pieces.

Inventory:

Hand Weapons
 m - a +2 dagger of speed (weapon)
Armour
 a - a +0 robe (worn)
 l - a +0 pair of boots (worn)
Jewellery
 g - an amulet of regeneration (around neck)
 i - a +6 ring of dexterity
Scrolls
 c - 5 scrolls of identify
 f - 2 scrolls of vulnerability
Potions
 d - a potion of lignification
 e - a potion of mutation {unknown}
 h - 2 potions of brilliance {unknown}
 j - a potion of heal wounds {unknown}


   Skills:
 - Level 1.6 Dodging
 - Level 2.2 Stealth
 + Level 2.7 Spellcasting
 * Level 1.7 Conjurations
 + Level 1.8 Transmutations
 * Level 4.7 Earth Magic


You had 2 spell levels left.
You knew the following spells:

 Your Spells              Type           Power      Damage    Failure   Level
a - Sandblast             Erth           36%        2d10      2%          1
b - Passwall              Tmut/Erth      10%        N/A       7%          2
c - Stone Arrow           Conj/Erth      26%        3d8       14%         3

Your spell library contained the following spells:

 Spells                   Type           Power      Damage    Failure   Level
 Shock                    Conj/Air       20%        1d4       13%         1
 Petrify                  Tmut/Erth      13%        N/A       43%         4
 Swiftness                Air            2%         N/A       47%         3
 Airstrike                Air            1%         2d(1-17)  87%         4


Dungeon Overview and Level Annotations

Branches:
Dungeon (3/15)

Altars:
Hepliaklqana
Qazlal

Shops:
D:2 *

Annotations:
D:3 Terence


Innate Abilities, Weirdness & Mutations

You are immune to sickness and miasma.
Your stone body is resilient. (AC +3)
You are immune to poison.
You resist negative energy. (rN+)
You are resistant to electric shocks. (rElec)
You are resistant to unholy torment.
You are immune to petrification.


Message History

Press: ? - help, Q - select action, (/) - cycle Shift-Dir - straight line, f/p - Terence
Aim: Terence, wielding a +2 falchion of electrocution and wearing a +0 scale mail (lightly wounded, 84% to hit)
The blast of sand hits Terence but does no damage.
Terence is lightly wounded.
Sorry, you're not good enough to have a special ability.
Casting: Sandblast (safe; 2% risk of failure)
Confirm with . or Enter, or press ? or * to list all spells.
Aiming: Passwall (safe; 7% risk of failure)
Press: ? - help, Dir - move target, p - Terence A rock wall.
This rock feels extremely deep.
Terence hits you with a +2 falchion of electrocution.
You hit Terence but do no damage.
Terence is lightly wounded.
You closely miss Terence.
Terence is lightly wounded.
Terence closely misses you.
You hit Terence but do no damage.
Terence is lightly wounded.
You hit Terence but do no damage.
Terence is lightly wounded.
Terence says, "Did you write a will?
You should..."
Terence hits you with a +2 falchion of electrocution.
You hit Terence but do no damage.
Terence is lightly wounded.
Terence hits you with a +2 falchion of electrocution!
You hit Terence.
Terence is lightly wounded.
You hit Terence.
Terence is lightly wounded.
Terence hits you with a +2 falchion of electrocution!
* * * LOW HITPOINT WARNING * * *
You hit Terence but do no damage.
Terence is lightly wounded.
Terence hits you with a +2 falchion of electrocution.
* * * LOW HITPOINT WARNING * * *
Okay, then.
Magic courses through your body.
Terence hits you with a +2 falchion of electrocution!
You die...

####>#.###
##.## #.#
#.# #.#
#.# #.#
#.# #@#
#@# #.#
#.# #.#
..@.....#
....#####
#.


You could see Terence.

Vanquished Creatures
  Jessica (D:3)
  2 adders (D:2)
  A worm (D:2)
  A dart slug (D:1)
  8 ball pythons
  3 bats (D:3)
  3 endoplasms
  5 giant cockroaches
  6 hobgoblins
  2 jackals (D:2)
  2 frilled lizards
  6 goblins
  6 kobolds
  5 rats
51 creatures vanquished.

Vanquished Creatures (others)
  A plant (D:2)
1 creature vanquished.

Grand Total: 52 creatures vanquished

Notes
Turn   | Place    | Note
-------+----------+-------------------------------------------
     0 | D:1      | Bartlander the Gargoyle Earth Elementalist began the quest
                  | for the Orb.
     0 | D:1      | Reached XP level 1. HP: 10/10 MP: 3/3
   120 | D:1      | Reached skill level 1 in Transmutations
   167 | D:1      | Reached XP level 2. HP: 15/15 MP: 0/5
   177 | D:1      | Learned a level 2 spell: Passwall
   414 | D:1      | Reached skill level 4 in Earth Magic
   619 | D:1      | Reached XP level 3. HP: 19/19 MP: 3/6
   623 | D:1      | Learned a level 3 spell: Stone Arrow
   823 | D:1      | Found a faded altar of an unknown god.
  1674 | D:2      | Reached skill level 1 in Conjurations
  1674 | D:2      | Reached XP level 4. HP: 24/24 MP: 4/7
  1979 | D:2      | Found Yrunusm's Assorted Antiques.
  2077 | D:3      | Noticed Jessica
  2078 | D:3      | Killed Jessica
  2142 | D:3      | Found a stormy altar of Qazlal.
  2242 | D:3      | Found a hazy altar of Hepliaklqana.
  2286 | D:3      | Noticed Terence
  2303 | D:3      | Slain by Terence

Illustrated notes

Levels and vault maps discovered:
D:1:      heliophobic_arrival_henge, layout_basic, basic_ecumenical_altar,
          minmay_3d_cube
D:2:      layout_basic, serial_shops, nicolae_shop_overgrown_old_shop
D:3:      layout_loops_ring, mainiacjoe_overflow_chevrons, grunt_qazlal_clouds,
          uniq_terence, uniq_jessica

Skill      XL: |  1  2  3 |
---------------+----------+-----
Transmutations | 1 |  1.8
Earth Magic    | 4 |  4.7
Conjurations   | 1 |  1.7
Dodging        | |  1.6
Stealth        | |  2.2
Spellcasting   | |  2.7

Action                   |  1- 3 |  4- 6 || total
-------------------------+-------+-------++-------
Melee: Unarmed           |    11 |       ||    11
       Dagger            |       |     8 ||     8
 Cast: Sandblast         |    53 |    15 ||    68
       Passwall          |     2 |     1 ||     3
       Stone Arrow       |       |     3 ||     3
  Use: Scroll            |     5 |     2 ||     7
       Potion            |       |     1 ||     1
Armor: Robe              |    17 |       ||    17
Dodge: Dodged            |    22 |     4 ||    26
